 Dungeon Crawl Stone Soup version 0.29.1-1-gd02db6906a (webtiles) character file.

Game seed: 2914754386764767534

1400 Ashen the Chiller (level 8, 0/52 HPs)
             Began as a Demonspawn Ice Elementalist on Oct 20, 2022.
             Was an Initiate of Vehumet.
             Slain by a fire elemental (10 damage)
             ... created by the fiery vengeance of Ignis
             ... on level 6 of the Dungeon.
             The game lasted 00:18:52 (6307 turns).

Ashen the Chiller (Demonspawn Ice Elementalist)     Turns: 6307, Time: 00:18:52

Health: 0/52       AC:  9    Str:  9    XL:     8   Next: 41%
Magic:  0/15       EV: 18    Int: 18    God:    Vehumet [......]
Gold:   251        SH:  0    Dex: 14    Spells: 6/17 levels left

rFire   . . .      SeeInvis .   w - +2 hand axe (flame)
rCold   . . .      Faith    .   (no shield)
rNeg    . . .      Spirit   .   a - +0 robe
rPois   .          Reflect  .   (helmet restricted)
rElec   .          Harm     .   n - scarf {repulsion}
rCorr   .          Rampage  .   (no gloves)
Will    .....                   (boots unavailable)
Stlth   ++........              (no amulet)
HPRegen 0.17/turn               k - +4 ring of evasion
MPRegen 0.14/turn               (no ring)

@: ice-armoured, freezing walls, repel missiles, fire susceptible, very slow
A: hooves 3, horns 1, condensation shield, weakness stinger 1
a: Renounce Religion


You were on level 6 of the Dungeon.
You worshipped Vehumet.
Vehumet was noncommittal.
You visited 2 branches of the dungeon, and saw 7 of its levels.

You collected 335 gold pieces.
You spent 84 gold pieces at shops.

Inventory:

Hand Weapons
 m - a +0 quarterstaff of distortion
 o - the +6 dagger of Success {elec, Will- Str+4 Int+6}
   (You found it on level 4 of the Dungeon)

   It occasionally discharges a powerful burst of electricity upon striking a
   foe.
   Str:       It affects your strength (+4).
   Int:       It affects your intelligence (+6).
   Will:      It decreases your willpower.
 w - a +2 hand axe of flaming (weapon)
Missiles
 t - a throwing net
Armour
 a - a +0 robe (worn)
 n - a scarf of repulsion (worn)
Jewellery
 k - a +4 ring of evasion (left hand)
 p - a +4 ring of protection
Wands
 q - a wand of digging (7)
Scrolls
 c - 2 scrolls of blinking {unknown}
 d - 5 scrolls of immolation {unknown}
 e - 2 scrolls of fear {unknown}
 f - 7 scrolls of identify
 i - 3 scrolls of teleportation {unknown}
 s - a scroll of poison {unknown}
 v - a scroll of magic mapping {unknown}
Potions
 b - 2 potions of magic
 g - 4 potions of curing
 h - 4 potions of heal wounds
 j - a potion of invisibility
 l - 2 potions of mutation
 u - a potion of brilliance


   Skills:
 + Level 5.0 Dodging
 + Level 5.4 Stealth
 + Level 5.0 Spellcasting
 + Level 6.0 Ice Magic


You had 6 spell levels left.
You knew the following spells:

 Your Spells              Type           Power      Damage    Failure   Level
a - Freeze                Ice            100%       1d11      1%          1
b - Frozen Ramparts       Ice            52%        1d8       3%          3
c - Ozocubu's Armour      Ice            26%        N/A       3%          3
d - Hailstorm             Conj/Ice       15%        3d5       36%         4

Your spell library contained the following spells:

 Spells                   Type           Power      Damage    Failure   Level
 Sandblast                Erth           8%         2d5       13%         1
 Passwall                 Tmut/Erth      3%         N/A       21%         2
 Portal Projectile        Hex/Tloc       8%         N/A       36%         3
 Stone Arrow              Conj/Erth      8%         3d7       36%         3
 Tukima's Dance           Hex            4%         N/A       36%         3
 Fulminant Prism          Conj/Hex       2%         3d6       78%         4
 Iskenderun's Mystic Bla  Conj/Tloc      4%         2d3       78%         4
 Blade Hands              Tmut           2%         N/A       98%         5
 Lee's Rapid Deconstruct  Erth           2%         3d5*      98%         5


Dungeon Overview and Level Annotations

Branches:
Dungeon (6/15)             Temple (1/1) D:4

Altars:
Ashenzari
Cheibriados
Dithmenos
Fedhas
Gozag
Hepliaklqana
Makhleb
Nemelex Xobeh
Okawaru
Qazlal
Sif Muna
Trog
Uskayaw
Vehumet
Wu Jian
Xom
Yredelemnul
Ignis

Shops:
D:3 !:


Innate Abilities, Weirdness & Mutations

You have hooves in place of feet.
You have a pair of small horns on your head.
A meltable shield of frost defends you. (SH +0)
You have a small tail.


Message History

You feel sick.
As you read the scroll of identify, it crumbles to dust.
j - a potion of invisibility You feel sick.
As you read the scroll of identify, it crumbles to dust.
l - 2 potions of mutation You feel sick.
As you read the scroll of identify, it crumbles to dust.
u - a potion of brilliance You feel sick.
A river rat comes into view.
Okay, then.
A rat comes into view.
You feel sick.
You feel sick.
You are no longer poisoned. "Burn!
Burn until nothing is left!" 2 fire elementals come into view.
You see here a quokka corpse.
Casting: Freeze (safe; 1% risk of failure)
Confirm with . or Enter, or press ? or * to list all spells.
Casting: Frozen Ramparts (dangerous; 3% risk of failure)
Press: ? - help, Dir - look around, f - activate Some shallow water.
The walls around you are covered in ice.
The fire elemental is frozen!
The wall freezes the fire elemental.
The fire elemental is frozen!
The wall freezes the fire elemental.
The fire elemental misses you.
Casting: Frozen Ramparts (dangerous; 3% risk of failure)
Confirm with . or Enter, or press ? or * to list all spells.
A film of ice covers your body!
The fire elemental is frozen!
The wall freezes the fire elemental.
The fire elemental hits you. The fire elemental burns you!
Your condensation shield dissipates!
* * * LOW HITPOINT WARNING * * *
The wall freezes the fire elemental but does no damage.
The fire elemental hits you.
* * * LOW HITPOINT WARNING * * *
The fire elemental burns you!
You die...

## ###
##~######~##
#~~~○E@E~~~#
#~~~####~~~#
##~## ##~##
#~ #~# #~
#~# #~ ##~##
~r #~~~# ~~
#~~~#
#r######~##


You could see 2 fire elementals.

Vanquished Creatures
  Grinder (D:4)
  Menkaure (D:4)
  2 phantoms (D:4)
  A gnoll sergeant (D:5)
  3 scorpions
  2 bullfrog zombies (D:4)
  An orc priest (D:5)
  2 hounds
  A bullfrog skeleton (D:4)
  3 centaur skeletons (D:4)
  A gnoll bouda (D:5)
  3 iguanas
  3 hound zombies (D:4)
  3 hound skeletons (D:4)
  10 gnolls
  3 adders
  A river rat (D:6)
  A shadow imp (D:6)
  2 adder zombies (D:4)
  An adder skeleton (D:4)
  2 worms
  9 orcs
  7 ball pythons
  4 endoplasms
  6 giant cockroaches
  6 goblins
  4 hobgoblins
  5 kobolds
  6 quokkas
  5 bats
  4 frilled lizards
  A jackal skeleton (D:4)
  6 rats
110 creatures vanquished.

Vanquished Creatures (collateral kills)
  6 foxfires (D:4)
6 creatures vanquished.

Vanquished Creatures (others)
  96 foxfires (D:4)
  2 plants (D:2)
  3 withered plants (D:4)
101 creatures vanquished.

Grand Total: 217 creatures vanquished

Notes
Turn   | Place    | Note
-------+----------+-------------------------------------------
     0 | D:1      | Ashen the Demonspawn Ice Elementalist began the quest for
                  | the Orb.
     0 | D:1      | Reached XP level 1. HP: 13/13 MP: 3/3
   451 | D:1      | Gained mutation: A meltable shield of frost defends you.
                  | (SH +0) [demonic ancestry]
   451 | D:1      | Reached XP level 2. HP: 13/19 MP: 0/5
   667 | D:1      | Found a faded altar of an unknown god.
   776 | D:1      | Prayed at the altar of an unknown god.
   776 | D:1      | Became a worshipper of Ignis, the Dying Flame
  1032 | D:1      | Discovered your monstrous ancestry.
  1032 | D:1      | Gained mutation: You have large cloven feet. [demonic
                  | ancestry]
  1032 | D:1      | Reached XP level 3. HP: 21/24 MP: 2/6
  1503 | D:2      | Reached skill level 4 in Ice Magic
  2282 | D:3      | Found Kaseum Uhus's Book Shoppe.
  2395 | D:3      | Found Jiumunua's Distillery.
  2399 | D:3      | Found Hod Ren's Armour Shop.
  2403 | D:3      | Bought a potion of heal wounds for 70 gold pieces
  2403 | D:3      | Bought a potion of degeneration for 14 gold pieces
  2459 | D:3      | Gained mutation: You have hoof-like feet. [demonic
                  | ancestry]
  2459 | D:3      | Reached XP level 4. HP: 30/30 MP: 5/7
  2928 | D:4      | Noticed a scorpion
  2946 | D:3      | Learned a level 3 spell: Frozen Ramparts
  2950 | D:3      | Learned a level 3 spell: Ozocubu's Armour
  2955 | D:4      | Killed a scorpion
  2956 | D:4      | Gained mutation: You have a pair of small horns on your
                  | head. [demonic ancestry]
  2956 | D:4      | Reached XP level 5. HP: 23/35 MP: 2/9
  3126 | D:4      | Identified the +6 dagger of Success {elec, Will- Str+4
                  | Int+6}
  3341 | D:4      | Noticed a phantom
  3348 | D:4      | Killed a phantom
  3349 | D:4      | Reached XP level 6. HP: 41/41 MP: 8/11
  3719 | D:4      | Reached skill level 5 in Ice Magic
  3719 | D:4      | Gained mutation: You have hooves in place of feet. [demonic
                  | ancestry]
  3719 | D:4      | Reached XP level 7. HP: 46/46 MP: 7/12
  3772 | D:4      | Noticed Menkaure
  3804 | D:4      | Learned a level 4 spell: Hailstorm
  3807 | D:4      | Noticed Grinder
  3813 | D:4      | Killed Grinder
  3813 | D:4      | Killed Menkaure
  4041 | D:4      | Found an ornate altar of the Wu Jian Council.
  4093 | D:4      | Found a staircase to the Ecumenical Temple.
  4272 | D:5      | Entered Level 5 of the Dungeon
  4291 | D:5      | Gained mutation: You have a small tail. [demonic ancestry]
  4291 | D:5      | Reached XP level 8. HP: 28/52 MP: 4/14
  4466 | D:5      | Reached skill level 5 in Stealth
  5297 | D:5      | Reached skill level 5 in Spellcasting
  5601 | D:5      | Reached skill level 5 in Dodging
  5601 | D:5      | Reached skill level 6 in Ice Magic
  5881 | Temple   | Entered the Ecumenical Temple
  6145 | Temple   | Fell from the grace of Ignis
  6145 | Temple   | Became a worshipper of Vehumet
  6307 | D:6      | Slain by a fire elemental

Illustrated notes

Levels and vault maps discovered:
D:1:      dpeg_arrival_orchard, layout_rooms,
          hellmonk_ecumenical_altar_crossroads
D:2:      layout_loops_ring, serial_bayou, serial_bayou_pond_e,
          serial_bayou_pond_a, serial_bayou_lagoon_a, serial_bayou_pond_e
D:3:      layout_rooms, serial_shops, shop, shop, shop, serial_bayou_pond_a
D:4:      layout_cave_pools, marbit_many_paths, temple_pool_b, serial_undead,
          serial_undead_f, serial_undead_b, serial_undead_c, serial_undead_e,
          serial_undead_c, serial_undead_d, serial_undead_b, serial_undead_b,
          serial_undead_b, serial_undead_d, uniq_menkaure, uniq_grinder
D:5:      layout_loops_cross
D:6:      layout_loops_corners, gup_sewer_entry_bubbles
Temple:   dpeg_five_rooms_temple

Skill      XL: |  1  2  3  4  5  6  7  8 |
---------------+-------------------------+-----
Dodging        | 2 3 4 5 |  5.0
Stealth        | 2 3 4 5 |  5.4
Ice Magic      | 4 5 6 |  6.0
Spellcasting   | 3 4 5 |  5.0

Action                   |  1- 3 |  4- 6 |  7- 9 || total
-------------------------+-------+-------+-------++-------
Melee: Unarmed           |    44 |    80 |    28 ||   152
       Kick              |     8 |    31 |    36 ||    75
       Punch             |     2 |       |     2 ||     4
       Headbutt          |       |    15 |    18 ||    33
       Spear             |       |       |    36 ||    36
       Hand axe          |       |       |    28 ||    28
       Tailslap          |       |       |     6 ||     6
 Cast: Freeze            |    59 |    42 |    23 ||   124
       Frozen Ramparts   |       |     1 |     8 ||     9
       Ozocubu's Armour  |       |     1 |     4 ||     5
Invok: Fiery Armour      |     1 |     1 |     1 ||     3
       Foxfire Swarm     |       |     3 |     2 ||     5
  Use: Potion            |       |     1 |       ||     1
       Scroll            |       |       |     4 ||     4
 Stab: Sleeping          |     1 |     2 |     1 ||     4
Armor: Robe              |    14 |    17 |    14 ||    45
Dodge: Dodged            |    50 |   110 |    93 ||   253
Block: Other             |    14 |    14 |    26 ||    54
